 Dungeon Crawl Stone Soup version 0.24.0-13-gcf9b3192b9 (webtiles) character file.

Game seed: 15192300080662408118, levelgen mode: deterministic

640 Iamsoldier the Skirmisher (level 7, -3/112 HPs)
             Began as an Ogre Berserker on Nov 6, 2019.
             Was a Priest of Trog.
             Killed from afar by Dowan (12 damage)
             ... with a stone arrow
             ... on level 5 of the Dungeon.
             The game lasted 00:11:32 (9672 turns).

Iamsoldier the Skirmisher (Ogre Berserker)          Turns: 9672, Time: 00:11:33

Health: -3/112     AC:  3    Str: 29    XL:     7   Next: 51%
Magic:  7/7        EV: 11    Int:  8    God:    Trog [***...]
Gold:   142        SH:  0    Dex:  8    Spells: 6/6 levels left

rFire    . . .     SeeInvis .   a - +0 spear
rCold    . . .     Gourm    .   (no shield)
rNeg     . . .     Faith    .   b - +0 animal skin
rPois    .         Spirit   .   (helmet restricted)
rElec    .         Reflect  .   p - scarf {cloud immunity}
rCorr    .         Harm     .   (gloves unavailable)
MR       .....                  (boots unavailable)
Stlth    ..........             (no amulet)
HPRegen  0.28/turn              (no ring)
MPRegen  0.10/turn              (no ring)

@: berserking (expiring), very quick
A: large, unfitting armour, tough skin 1
a: Berserk, Trog's Hand, Renounce Religion


You were on level 5 of the Dungeon.
You worshipped Trog.
Trog was most pleased with you.
You were not hungry.

You visited 1 branch of the dungeon, and saw 5 of its levels.

You collected 142 gold pieces.

Inventory:

Hand Weapons
 a - a +0 spear (weapon)
Armour
 b - a +0 animal skin (worn)
 p - a scarf of cloud immunity (worn)
Jewellery
 d - an uncursed ring of stealth {unknown}
Wands
 o - a wand of flame (28)
Scrolls
 e - 7 scrolls of enchant weapon {unknown}
 g - a scroll of magic mapping {unknown}
 h - 3 scrolls of identify {unknown}
 j - 4 scrolls of teleportation {unknown}
 k - 2 scrolls of fear {unknown}
 l - 5 scrolls of remove curse {unknown}
Potions
 f - a potion of magic {unknown}
 i - a potion of lignification {unknown}
 m - 2 potions of curing {unknown}
 n - a potion of agility {unknown}
Comestibles
 c - a ration


   Skills:
 + Level 6.0 Fighting
 + Level 5.9 Polearms
 + Level 4.6 Dodging
 + Level 2.0 Stealth


You had 6 spell levels left.
You didn't know any spells.
Your spell library was empty.

Dungeon Overview and Level Annotations

Branches:
Dungeon (5/15)             Temple (0/1) D:4

Altars:
Fedhas

Annotations:
D:5 Dowan


Innate Abilities, Weirdness & Mutations

You are too large for most types of armour.
You have tough skin. (AC +1)


Message History

Your Fighting skill increases to level 6!
Your Stealth skill increases to level 2!
The quokka bites you but does no damage.
Dowan hits you with a +0 dagger.
* * * LOW HITPOINT WARNING * * *
The orc closely misses you.
You puncture Dowan!
Dowan is severely wounded.
The quokka barely misses you. Dowan barely misses you.
You puncture Dowan!
Dowan is almost dead.
The orc hits you with a +0 flail.
* * * LOW HITPOINT WARNING * * *
The orc priest looks satisfied for a moment.
The orc misses you.
You closely miss Dowan.
Dowan is almost dead.
Dowan gestures at you while chanting. The stone arrow hits you!
You die...

###+###.##
#..e@oo..#
#.....rOo...#
#.....!.o...#
...............
...#........###
.. .........# .
..........#
...######.##


You could see an ogre, Dowan, an orc priest, 3 orcs and a quokka.

Vanquished Creatures
  Duvessa (D:5)
  A necrophage (D:4)
  A wyvern zombie (D:3)
  A centaur zombie (D:3)
  An orc priest (D:5)
  2 hounds (D:4)
  An orc wizard (D:5)
  Natasha (twice) (D:3)
  A worker ant (D:4)
  7 adders
  A river rat (D:4)
  An adder skeleton (D:4)
  2 worms
  3 dart slugs
  4 leopard geckos
  2 orcs
  7 giant cockroaches
  8 goblins
  7 hobgoblins
  6 jackals
  7 kobolds
  2 quokkas (D:2)
  3 ball pythons
  14 bats
  8 frilled lizards
  A leopard gecko skeleton (D:4)
  4 rats
98 creatures vanquished.

Notes
Turn   | Place    | Note
-------+----------+-------------------------------------------
     0 | D:1      | Iamsoldier the Ogre Berserker began the quest for the Orb.
     0 | D:1      | Reached XP level 1. HP: 24/24 MP: 1/1
   164 | D:1      | Reached XP level 2. HP: 25/32 MP: 2/2
   717 | D:1      | Reached XP level 3. HP: 40/40 MP: 3/3
   999 | D:2      | Reached ** piety under Trog
  1985 | D:2      | Reached XP level 4. HP: 41/49 MP: 4/4
  2792 | D:3      | Reached XP level 5. HP: 11/55 MP: 5/5
  3789 | D:3      | Reached skill level 5 in Fighting
  3800 | D:3      | Noticed Natasha
  3809 | D:3      | Killed Natasha
  4142 | D:3      | Found a blossoming altar of Fedhas.
  4149 | D:3      | Noticed Natasha
  4168 | D:3      | Killed Natasha
  4168 | D:3      | Reached XP level 6. HP: 17/66 MP: 6/6
  4672 | D:3      | Reached skill level 5 in Polearms
  4694 | D:3      | Reached *** piety under Trog
  5104 | D:4      | Found a staircase to the Ecumenical Temple.
  5323 | D:4      | Reached skill level 1 in Stealth
  8277 | D:4      | Noticed a necrophage
  8289 | D:4      | Killed a necrophage
  8289 | D:4      | Reached XP level 7. HP: 74/74 MP: 7/7
  9647 | D:5      | Entered Level 5 of the Dungeon
  9647 | D:5      | Noticed Duvessa
  9651 | D:5      | Noticed Dowan
  9669 | D:5      | Killed Duvessa
  9669 | D:5      | Reached skill level 6 in Fighting
  9672 | D:5      | Killed from afar by Dowan

Levels and vault maps discovered:
D:1:      lightli_arrival_statue_moat, layout_basic,
          chequers_serial_rivers_small_a
D:2:      layout_basic, first_ration
D:3:      layout_rooms, fedhas_ov_isle_minmay, uniq_natasha
D:4:      layout_gridville, minmay_temple_entry_arrows, gup_sewer_entry_bubbles
D:5:      wad_river_or_something, layout_basic, serial_shops,
          nicolae_shop_crystal, uniq_menkaure, uniq_duvessa

Skill      XL: |  1  2  3  4  5  6  7 |
---------------+----------------------+-----
Dodging        | 3 4 |  4.6
Polearms       | 4 5 |  5.9
Fighting       | 5 6 |  6.0
Stealth        | 1 2 |  2.0

Action                   |  1- 3 |  4- 6 |  7- 9 || total
-------------------------+-------+-------+-------++-------
Melee: Spear             |   132 |   292 |    29 ||   453
Invok: Berserk           |     3 |     8 |     1 ||    12
       Trog's Hand       |       |     1 |       ||     1
 Stab: Sleeping          |     1 |     2 |       ||     3
  Eat: Chunk             |     3 |    19 |       ||    22
       Ration            |     1 |     3 |     1 ||     5
Armor: Animal skin       |    39 |    58 |     5 ||   102
Dodge: Dodged            |    78 |   135 |    17 ||   230
